 Dungeon Crawl Stone Soup version 0.30-a0-613-gdd512c7efb (webtiles) character file.

Game seed: 7352547588452901922

102 bmack86 the Trooper (level 4, -4/41 HPs)
             Began as a Minotaur Fighter on Jan 8, 2023.
             Slain by Menkaure (19 damage)
             ... on level 4 of the Dungeon.
             The game lasted 00:04:29 (2334 turns).

bmack86 the Trooper (Minotaur Fighter)              Turns: 2334, Time: 00:04:30

Health: -4/41      AC:  8    Str: 23    XL:     4   Next: 49%
Magic:  3/3        EV:  9    Int:  5    God:
Gold:   195        SH:  4    Dex:  9    Spells: 3/3 levels left

rFire   . . .      SeeInvis .    a - +0 war axe
rCold   . . .      Faith    .    c - +0 buckler
rNeg    . . .      Spirit   .    b - +0 scale mail
rPois   .          Reflect  .    (helmet restricted)
rElec   .          Harm     .    (no cloak)
rCorr   .          Rampage  .    p - +0 pair of gloves
Will    +....                    (no boots) Stlth
                                 (no amulet)
HPRegen 0.26/turn                g - ring of willpower
MPRegen 0.08/turn                n - +4 ring of slaying

@: no status effects
A: horns 2, retaliatory headbutt
a: no special abilities


You were on level 4 of the Dungeon.
You visited 1 branch of the dungeon, and saw 4 of its levels.

You collected 195 gold pieces.

Inventory:

Hand Weapons
 a - a +0 war axe (weapon)
Armour
 b - a +0 scale mail (worn)
 c - a +0 buckler (worn)
 p - a +0 pair of gloves (worn)
Jewellery
 g - a ring of willpower (left hand)
 n - a +4 ring of slaying (right hand)
Wands
 m - a wand of charming (9)
Scrolls
 l - a scroll of poison
Potions
 d - a potion of might
 e - 2 potions of haste
 f - 2 potions of flight
 h - a potion of brilliance {unknown}
 i - 2 potions of lignification {unknown}
 k - a potion of heal wounds {unknown}
 o - a potion of degeneration {unknown}
 q - 2 potions of berserk rage {unknown}


   Skills:
 * Level 4.7 Fighting
 * Level 3.9 Axes
 + Level 4.2 Armour
 + Level 4.1 Shields


You had 3 spell levels left.
You didn't know any spells.
Your spell library contained the following spells:

 Spells                   Type           Power      Damage    Failure   Level
 Sandblast                Erth           0%         2d4       86%         1
 Blink                    Tloc           0%         N/A       95%         2
 Momentum Strike          Conj/Tloc      0%         3d8       95%         2
 Passwall                 Tmut/Erth      0%         N/A       95%         2
 Lesser Beckoning         Tloc           0%         N/A       99%         3
 Stone Arrow              Conj/Erth      0%         3d7       99%         3
 Airstrike                Air            0%         2d(0-16)  100%        4
 Summon Lightning Spire   Summ/Air       0%         N/A       100%        4
 Lightning Bolt           Conj/Air       0%         1d11      100%        5


Dungeon Overview and Level Annotations

Branches:
Dungeon (4/15)
 Temple: D:4-7

Altars:
Qazlal

Portals:
Sewer: D:4

Annotations:
D:4 Menkaure


Innate Abilities, Weirdness & Mutations

You have a pair of horns on your head.
You reflexively headbutt those who attack you in melee.


Message History

A giant cockroach and Menkaure come into view.
Menkaure shouts!
You hear an angry hiss.
Menkaure gestures wildly while chanting.
Menkaure seems to speed up.
Found a glowing drain.
Menkaure points at you and mumbles some strange words.
Pain shoots through your body!
A ball python comes into view.
The rat bites you but does no damage.
Menkaure points at you and mumbles some strange words.
You resist with some effort.
A ball python comes into view.
The ball python moves out of view.
The ball python hisses angrily.
Menkaure calls on the powers of darkness!
The giant cockroach convulses!
Your body is wracked with pain!
The ball python convulses!
The giant cockroach bites you but does no damage.
The giant cockroach closely misses you. The rat bites you.
You closely miss the giant cockroach.
The giant cockroach is moderately wounded.
You hit Menkaure but do no damage. You hit the rat but do no damage.
You block Menkaure's attack.
The giant cockroach bites you but does no damage.
The rat closely misses you. You furiously retaliate!
You headbutt the rat.
You kill the rat!
Menkaure barely misses you. You furiously retaliate!
You headbutt Menkaure.
The giant cockroach bites you but does no damage.
You slash the giant cockroach!
You kill the giant cockroach!
You hit Menkaure. You slash the ball python!
You kill the ball python!
Menkaure points at you and mumbles some strange words.
You resist with some effort.
The ball python bites you but does no damage.
The ball python closely misses you.
You slash the ball python!
You kill the ball python!
You hit Menkaure. Menkaure hits you!!
You die...

#.# #.# #.# #.#
# #.#
#.####.#####..
#.............
#####.#.#######
.......†@#
#..#~..#.M#
...~~~~~...#
.#~~~~~~~#.#
..~~S~~~~~.#
..~~~∩~~~...
.~~~~~~~~..#.
.#~~~~~~~#. #.


You could see Menkaure (fast).

Vanquished Creatures
  5 adders
  A worm (D:2)
  A dart slug (D:2)
  5 orcs (D:3)
  3 bats
  2 endoplasms
  4 giant cockroaches
  2 goblins (D:2)
  7 hobgoblins
  4 ball pythons
  6 frilled lizards
  9 rats
49 creatures vanquished.

Notes
Turn   | Place    | Note
-------+----------+-------------------------------------------
     0 | D:1      | bmack86 the Minotaur Fighter began the quest for the Orb.
     0 | D:1      | Reached XP level 1. HP: 19/19 MP: 0/0
   206 | D:1      | Reached XP level 2. HP: 27/27 MP: 1/1
   910 | D:2      | Reached XP level 3. HP: 33/33 MP: 2/2
  1451 | D:3      | Found a stormy altar of Qazlal.
  1452 | D:3      | Noticed a fire elemental
  1454 | D:3      | Noticed an air elemental
  1454 | D:3      | Noticed a water elemental
  1454 | D:3      | Noticed an earth elemental
  1739 | D:3      | Reached XP level 4. HP: 37/41 MP: 3/3
  2327 | D:4      | Noticed Menkaure
  2328 | D:4      | Found a glowing drain.
  2334 | D:4      | Slain by Menkaure

Illustrated notes

Levels and vault maps discovered:
D:1:      saegor_arrival_simple_a, layout_basic
D:2:      layout_rooms, minmay_misc_feat_encased
D:3:      layout_basic, nicolae_qazlal_style_of_elements
D:4:      layout_loops_ring, overflow_temple_1_default,
          grunt_temple_overflow_open, cheibrodos_sewer_entry_drain, uniq_edmund,
          uniq_menkaure

Skill      XL: |  1  2  3 |
---------------+----------+-----
Fighting       | 4 |  4.7
Axes           | 3 |  3.9
Armour         | 4 |  4.2
Shields        | 4 |  4.1

Action                   |  1- 3 |  4- 6 || total
-------------------------+-------+-------++-------
Melee: War axe           |    71 |    19 ||    90
       Headbutt          |     9 |     1 ||    10
  Use: Scroll            |     3 |     1 ||     4
Armor: Scale mail        |    41 |    12 ||    53
Dodge: Dodged            |    40 |    21 ||    61
Block: Buckler           |    27 |     5 ||    32

Table legend: (Time is in decaauts)
 A = Elapsed time spent in this place.
 B = Non-inter-level travel time spent in this place.
 C = Inter-level travel time spent in this place.
 D = Time resting spent in this place.
 E = Time spent auto-exploring this place.
 F = Levels seen in this place.
 G = Mean time per level.
                   A        B        C        D        E       F      G
               +--------+--------+--------+--------+--------+-----+--------+
         Total |   2365 |   2269 |     96 |      0 |   1797 |   4 |  591.2 |
       Dungeon |   2365 |   2269 |     96 |      0 |   1797 |   4 |  591.2 |
               +--------+--------+--------+--------+--------+-----+--------+

Top non-repeatable levels by time:
     D:1: 907 daAuts
     D:3: 858 daAuts
     D:2: 564 daAuts
     D:4: 34 daAuts
